 Dungeon Crawl Stone Soup version 0.30.1-11-g7821555f0a (webtiles) character file.

Game seed: 706164517288793293

1105 Jerry the Cudgeller (level 8, -1/78 HPs)
             Began as a Troll Gladiator on Dec 9, 2023.
             Slain by Pikel
             ... wielding a +2 whip of electrocution
              (9 damage)
             ... on level 6 of the Dungeon.
             The game lasted 00:11:38 (3422 turns).

Jerry the Cudgeller (Troll Gladiator)               Turns: 3422, Time: 00:11:39

Health: -1/78      AC: 13    Str: 25    XL:     8   Next: 11%
Magic:  7/7        EV: 11    Int:  4    God:
Gold:   368        SH:  0    Dex: 11    Spells: 7/7 levels left

rFire   . . .        u - +0 flail (protect)
rCold   . . .        (no shield)
rNeg    . . .        b - +0 robe
rPois   .            c - +1 hat
rElec   .            f - +0 cloak
rCorr   .            (gloves unavailable)
SInv    .            (boots unavailable)
Will    .....        (no amulet)
Stlth   +            (no ring)
HPRegen 1.13/turn    (no ring)
MPRegen 0.10/turn

%: no passive effects
@: mighty, under a protective aura
A: large, unfitting armour, claws 3, regeneration 1, shaggy fur 1, tough skin 1
a: no special abilities


You were on level 6 of the Dungeon.
You visited 1 branch of the dungeon, and saw 6 of its levels.

You collected 368 gold pieces.

Inventory:

Hand Weapons
 a - a +0 flail
 u - a +0 flail of protection (weapon)
Armour
 b - a +0 robe (worn)
 c - a +1 hat (worn)
 f - a +0 cloak (worn)
Wands
 w - a wand of mindburst (17)
 y - a wand of charming (11)
 A - a wand of roots (3)
Scrolls
 m - a scroll of vulnerability
 o - 3 scrolls of teleportation
 r - 2 scrolls of noise
 t - a scroll of fear
Potions
 h - 6 potions of curing
 n - 2 potions of haste {unknown}
 p - 2 potions of brilliance {unknown}
 q - 2 potions of mutation {unknown}
 s - a potion of lignification {unknown}
 v - a potion of flight {unknown}
 B - 2 potions of attraction {unknown}


   Skills:
 + Level 4.2 Fighting
 + Level 5.1 Maces & Flails
 + Level 4.5 Throwing
 + Level 4.6 Dodging


You had 7 spell levels left.
You didn't know any spells.
Your spell library contained the following spells:

 Spells                   Type           Power      Damage    Failure   Level
 Foxfire                  Conj/Fire      0%         2x1d4     50%         1
 Ensorcelled Hibernation  Hex/Ice        0%         N/A       65%         2
 Passwall                 Tmut/Erth      0%         N/A       65%         2
 Gell's Gravitas          Tloc           0%         N/A       86%         3
 Swiftness                Air            0%         N/A       86%         3
 Teleport Other           Tloc           0%         N/A       86%         3
 Fireball                 Conj/Fire      0%         3d3       100%        5
 Iskenderun's Battlesphe  Conj           0%         2d6       100%        5
 Dispersal                Tloc           0%         N/A       100%        6
 Iron Shot                Conj/Erth      0%         9d1       100%        6
 Plasma Beam              Fire/Air       0%         2x1d11    100%        6
 Starburst                Conj/Fire      0%         6d3       100%        6
 Spellforged Servitor     Conj/Summ      0%         N/A       100%        7


Dungeon Overview and Level Annotations

Branches:
Dungeon (6/15)
 Temple: D:4-7

Altars:
Dithmenos
Qazlal

Annotations:
D:5 1 runed translucent door, YordlordTheGreat's ghost, novice DEEn
D:6 Pikel


Innate Abilities, Weirdness & Mutations

You are too large for most types of armour.
You have claws for hands.
Your natural rate of healing is unusually fast.
You are covered in fur. (AC +1)
You have tough skin. (AC +1)


Message History

You hit Pikel.
Pikel is heavily wounded.
Pikel hits you but does no damage.
You thump Pikel!
Pikel is severely wounded.
Pikel zaps a wand.
The puff of flame hits you.
You hit Pikel but do no damage.
Pikel is severely wounded.
Pikel hits you but does no damage.
You are electrocuted!
* * * LOW HITPOINT WARNING * * *
You barely miss Pikel.
Pikel is severely wounded.
Pikel barely misses you.
You barely miss Pikel.
Pikel is severely wounded.
Pikel hits you with a +2 whip of electrocution.
* * * LOW HITPOINT WARNING * * *
You are electrocuted!
* * * LOW HITPOINT WARNING * * *
You feel much better.
Pikel hits you with a +2 whip of electrocution!
You are electrocuted!
* * * LOW HITPOINT WARNING * * *
You feel very mighty all of a sudden.
Pikel hits you with a +2 whip of electrocution.
* * * LOW HITPOINT WARNING * * *
You hit Pikel.
Your weapon exudes an aura of protection.
Pikel is almost dead.
Pikel hits you with a +2 whip of electrocution.
* * * LOW HITPOINT WARNING * * *
Pikel hits you but does no damage.
You hit Pikel.
Pikel is almost dead.
Pikel hits you with a +2 whip of electrocution.
* * * LOW HITPOINT WARNING * * *
You miss Pikel.
Pikel is almost dead.
Pikel hits you with a +2 whip of electrocution!
You die...

### $..##### #.#...##
##### ###......#
##.... #........#
#...#
#.#......###...#####
.......5h##.<........
.....5.#(5K@...†....##
..#.##>#####........#
. #. #. ###...##.# #
#. #...# # K. ...##
.... ....# .#


You could see Pikel, 2 lemures and a howler monkey.

Vanquished Creatures
  An ice beast (D:6)
  A black bear (D:5)
  A phantom (D:4)
  2 bullfrogs
  3 scorpions
  2 howler monkeys
  An orc priest (D:5)
  3 hounds
  A jelly (D:5)
  A gnoll bouda (D:5)
  An orc wizard (D:5)
  An iguana (D:4)
  5 gnolls (D:5)
  10 adders
  An ufetubus (D:3)
  A worm (D:5)
  8 orcs
  11 ball pythons
  3 endoplasms
  8 goblins
  8 hobgoblins
  12 jackals
  3 kobolds
  3 quokkas
  7 bats
  5 frilled lizards
  4 rats
107 creatures vanquished.

Notes
Turn   | Place    | Note
-------+----------+-------------------------------------------
     0 | D:1      | Jerry the Troll Gladiator began the quest for the Orb.
     0 | D:1      | Reached XP level 1. HP: 19/19 MP: 0/0
   258 | D:1      | Reached XP level 2. HP: 28/28 MP: 1/1
   656 | D:2      | Reached skill level 3 in Maces & Flails
   656 | D:2      | Reached XP level 3. HP: 31/35 MP: 2/2
  1197 | D:3      | Found a stormy altar of Qazlal.
  1509 | D:3      | Reached XP level 4. HP: 41/42 MP: 3/3
  1657 | D:3      | You fall into a shaft and drop 2 floors!
  1657 | D:5      | Entered Level 5 of the Dungeon
  1659 | D:5      | Noticed a scorpion
  1672 | D:5      | Killed a scorpion
  1700 | D:5      | Reached XP level 5. HP: 41/50 MP: 4/4
  2151 | D:4      | Found a shadowy altar of Dithmenos.
  2185 | D:4      | Noticed a phantom
  2200 | D:4      | Killed a phantom
  2201 | D:4      | Reached skill level 4 in Maces & Flails
  2201 | D:4      | Reached XP level 6. HP: 56/61 MP: 5/5
  2575 | D:4      | Reached XP level 7. HP: 67/67 MP: 6/6
  2710 | D:5      | Found a runed translucent door.
  2714 | D:5      | Noticed YordlordTheGreat's ghost (novice DEEn)
  2925 | D:5      | HP: 3/68 [orc warrior/stone (6)]
  3338 | D:6      | Reached skill level 5 in Maces & Flails
  3338 | D:6      | Reached XP level 8. HP: 65/78 MP: 7/7
  3377 | D:6      | Noticed Pikel
  3422 | D:6      | Slain by Pikel

Illustrated notes

Levels and vault maps discovered:
D:1:      ncdulo_halloftheorcs, layout_basic
D:2:      layout_basic, minmay_surrounded
D:3:      layout_basic, amcnicky_altar_gilded, serial_forest,
          infiniplex_forest_end_double, infiniplex_forest_diagonal,
          infiniplex_forest_clump_tiny, infiniplex_forest_clump_small,
          infiniplex_forest_straight_5, infiniplex_forest_lined_3_way,
          infiniplex_forest_zigzag_2, infiniplex_forest_clump_medium,
          infiniplex_forest_end_1
D:4:      layout_rooms, nicolae_dithmenos_shadow_blocks, minmay_crystal_room,
          saegor_snake_ambush
D:5:      layout_rooms, ebering_ghost_reflecting_pool, guppyfry_early_orc_mine
D:6:      layout_loops_cross, minmay_temple_entry_ruins, uniq_pikel

Skill      XL: |  1  2  3  4  5  6  7 |
---------------+----------------------+-----
Throwing       | 2 3 4 |  4.5
Fighting       | 2 3 4 |  4.2
Maces & Flails | 3 4 5 |  5.1
Dodging        | 3 4 |  4.6

Action                     |  1- 3 |  4- 6 |  7- 9 || total
---------------------------+-------+-------+-------++-------
  Melee: Flail             |   157 |   150 |   211 ||   518
         Punch             |       |     2 |     2 ||     4
  Throw: Throwing net      |       |       |     3 ||     3
         Large rock        |       |       |     1 ||     1
    Use: Scroll            |       |       |    12 ||    12
         Potion            |       |       |     3 ||     3
   Stab: Sleeping          |     2 |     1 |       ||     3
         Held in net/web   |       |       |     1 ||     1
 Armour: Robe              |    80 |    89 |   129 ||   298
  Dodge: Dodged            |    87 |   140 |   149 ||   376
